 Dungeon Crawl Stone Soup version 0.29-a0-370-gb5314be063 (webtiles) character file.

Game seed: 3117974624621208477

24 Colgate the Sneak (level 3, 21/21 HPs)
             Began as a Kobold Brigand on May 2, 2022.
             Was an Initiate of Gozag.
             Got out of the dungeon alive.
             The game lasted 00:03:05 (2315 turns).

Colgate the Sneak (Kobold Brigand)                  Turns: 2315, Time: 00:03:06

Health: 21/21      AC:  3    Str:  8    XL:     3   Next: 15%
Magic:  3/3        EV: 14    Int: 14    God:    Gozag
Gold:   112        SH:  0    Dex: 16    Spells: 2/2 levels left

rFire   . . .      SeeInvis .   b - +2 quarterstaff (spect)
rCold   . . .      Faith    .   (shield currently unavailable)
rNeg    . . .      Spirit   .   f - +0 robe
rPois   .          Reflect  .   (no helmet)
rElec   .          Harm     .   c - +0 cloak
rCorr   .          Rampage  .   (no gloves)
Will    .....                   (no boots)
Stlth   ++++......              (no amulet)
HPRegen 0.07/turn               (no ring)
MPRegen 0.08/turn               (no ring)

@: no status effects
A: small, no large weapons, nightstalker 3
a: Renounce Religion, Potion Petition, Call Merchant, Bribe Branch


You escaped.
You worshipped Gozag.
Gozag was aware of your devotion.
You visited 1 branch of the dungeon, and saw 2 of its levels.

You collected 112 gold pieces.

Inventory:

Hand Weapons
 a - a +2 dagger
 b - a +2 spectral quarterstaff (weapon)
Missiles
 d - 15 poisoned darts (quivered)
 e - 3 curare-tipped darts
Armour
 c - a +0 cloak (worn)
 f - a +0 robe (worn)
Scrolls
 g - a scroll of immolation
 h - a scroll of silence {unknown}
 i - a scroll of fog {unknown}
 j - a scroll of vulnerability {unknown}
Potions
 k - a potion of resistance {unknown}


   Skills:
 - Level 2.1 Fighting
 - Level 4.5 Short Blades
 + Level 0.1 Staves
 - Level 2.1 Throwing
 - Level 1.2 Dodging
 - Level 5.3 Stealth


You had 2 spell levels left.
You didn't know any spells.
Your spell library was empty.

Dungeon Overview and Level Annotations

Branches:
Dungeon (2/15)

Altars:
Gozag


Innate Abilities, Weirdness & Mutations

You are small and have problems with some larger weapons.
You are completely attuned to the shadows.


Message History

Adjust to which letter? (? for menu, Esc to quit)
b - a +2 spectral quarterstaff;
f - a +0 robe (worn)
You feel a bond with your +2 spectral quarterstaff.
b - a +2 spectral quarterstaff (weapon)
a - a +2 dagger (weapon)
No target in view!
Found an escape hatch in the floor.
No target in view!
There is an escape hatch in the floor here.
You now have 106 gold pieces (gained 11).
k - a fizzy blue potion No target in view!
There is a stone staircase leading down here.
A bat comes into view.
The bat hits you but does no damage. The bat hits you but does no damage.
The bat barely misses you.
You completely miss the bat. The bat closely misses you.
The bat barely misses you.
You feel a bond with your +2 spectral quarterstaff.
b - a +2 spectral quarterstaff (weapon)
You sock the bat!
You kill the bat!
You now have 112 gold pieces (gained 6).
Found a scale mail.
(D) Dungeon
Where to? (Enter - D:2, ? - help)
There is a stone staircase leading up here.
You climb upwards.
There is a stone staircase leading down here.
(D) Dungeon
Where to? (Enter - D:1, ? - help)
Okay, then.
(D) Dungeon
Where to? (Enter - D:1, ? - help)
What level of the Dungeon? (default 1, ? - help)
There is an empty arch of ancient stone here.
There is a staircase leading out of the dungeon here.
Are you sure you want to leave the Dungeon?
This will make you lose the game!
You have escaped!

#.....# #...≈...##.#
#>....### #.8.≈.8.##.#
#.......#####...≈...##.#
#.....#.....#.♣.≈.♣.#..#
#........####...≈...####
#######.## #.8.≈.8.# #.#
#...≈...# #.# ###...###
#.# ##@##.# #.# ####.#
#.# #.# #.# #.# # #.#
#.# # ##.###########.#
######.............>#
........#############
#########


There were no monsters in sight!

Vanquished Creatures
  2 ball pythons (D:1)
  2 bats
  2 endoplasms
  A giant cockroach (D:1)
  2 goblins (D:1)
  6 jackals (D:1)
  A quokka (D:1)
  A frilled lizard (D:1)
  A kobold (D:1)
  A rat (D:1)
19 creatures vanquished.

Notes
Turn   | Place    | Note
-------+----------+-------------------------------------------
     0 | D:1      | Colgate the Kobold Brigand began the quest for the Orb.
     0 | D:1      | Reached XP level 1. HP: 12/12 MP: 1/1
   264 | D:1      | Reached XP level 2. HP: 14/17 MP: 2/2
   503 | D:1      | Found a faded altar of an unknown god.
  1112 | D:1      | Prayed at the altar of an unknown god.
  1112 | D:1      | Became a worshipper of Gozag Ym Sagoz the Greedy
  1264 | D:1      | Reached XP level 3. HP: 12/21 MP: 3/3
  2315 | D:$      | Got out of the dungeon alive.

Illustrated notes

Levels and vault maps discovered:
D:1:      mainiacjoe_arrival_reflecting_pool, layout_loops_ring,
          nicolae_ecumenical_snake_handling
D:2:      layout_basic, st_stairs_1

Skill      XL: |  1  2 |
---------------+-------+-----
Short Blades   | 3 4 |  4.5
Fighting       | |  2.1
Staves         | |  0.1
Throwing       | |  2.1
Dodging        | |  1.2
Stealth        | |  5.3

Action                   || total
-------------------------++-------
Melee: Dagger            ||    54
       Punch             ||     1
       Quarterstaff      ||     1
  Use: Scroll            ||     3
 Stab: Sleeping          ||     8
Armor: Robe              ||     2
Dodge: Dodged            ||    43

Table legend: (Time is in decaauts)
 A = Elapsed time spent in this place.
 B = Non-inter-level travel time spent in this place.
 C = Inter-level travel time spent in this place.
 D = Time resting spent in this place.
 E = Time spent auto-exploring this place.
 F = Levels seen in this place.
 G = Mean time per level.
                   A        B        C        D        E       F      G
               +--------+--------+--------+--------+--------+-----+--------+
         Total |   2300 |   2169 |    131 |      0 |   2000 |   2 | 1150.0 |
       Dungeon |   2300 |   2169 |    131 |      0 |   2000 |   2 | 1150.0 |
               +--------+--------+--------+--------+--------+-----+--------+

Top non-repeatable levels by time:
     D:1: 1974 daAuts
     D:2: 326 daAuts
